 Dungeon Crawl Stone Soup version bcrawl-1.18.1 (webtiles) character file.

Game seed: 6005929493409724910

21 Revguard the Sneak (level 2, 0/24 HPs)
             Began as a Gargoyle Archaeologist on Nov 9, 2019.
             Slain by a kobold
             ... wielding a +0 dagger
              (3 damage)
             ... on level 1 of the Dungeon.
             The game lasted 00:02:19 (776 turns).

Revguard the Sneak (Gargoyle Archaeologist)          Turns: 776, Time: 00:02:19

Health: 0/24       AC:  8    Str: 19    XL:     2   Next: 83%
Magic:  2/2        EV: 12    Int: 14    God:
Gold:   70         SH:  0    Dex:  8    Spells: 1/1 levels left

rFire    . . .     SeeInvis .   a - +0 whip
rCold    . . .     Gourm    .   (no shield)
rNeg     + . .     Faith    .   b - +1 robe
rPois    ∞         Spirit   .   c - +1 hat
rElec    +         Reflect  .   (no cloak)
rCorr    .         Harm     .   (no gloves)
MR       .....                  d - +1 pair of boots
Stlth    ..........             k - amulet of rage
HPRegen  0.08/turn              (no ring)
MPRegen  0.08/turn              (no ring)

@: berserking, very quick
A: negative energy resistance 1, electricity resistance, unbreathing,
petrification resistance, rot immunity, AC +2
a: Evoke Berserk Rage


You were on level 1 of the Dungeon.
You were hungry.

You visited 1 branch of the dungeon, and saw 1 of its levels.

You collected 70 gold pieces.

Inventory:

Hand Weapons
 a - a +0 whip (weapon)
Armour
 b - a +1 robe (worn)
 c - a +1 hat (worn)
 d - a +1 pair of boots (worn)
Jewellery
 k - an amulet of rage (around neck)
Scrolls
 l - a scroll of fog {unknown}
Potions
 i - a potion of flight {unknown}
 j - a potion of berserk rage {unknown}
Miscellaneous
 e - a dusty tome
 f - an ancient crate
Comestibles
 g - a ration {!d}
 h - 2 chunks of flesh


   Skills:
 + Level 1.2 Fighting
 + Level 1.4 Maces & Flails
 * Level 1.2 Armour
 + Level 2.7 Dodging
 - Level 3.6 Stealth
 * Level 0.2 Evocations


You had one spell level left.
You didn't know any spells.
Your spell library was empty.

Dungeon Overview and Level Annotations

Branches:
Dungeon (1/12)

Altars:


Innate Abilities, Weirdness & Mutations

You are resistant to torment.
Your stone body is resilient. (AC +2)
You are immune to poison.
You resist negative energy. (rN+)
You are resistant to electric shocks. (rElec)
You can survive without breathing.
You are immune to petrification.
You are immune to rotting.


Message History

The hobgoblin is severely wounded.
The hobgoblin completely misses you.
A red film seems to cover your vision as you go berserk!
You feel yourself moving faster!
You feel mighty!
You are feeling hungry.
The hobgoblin misses you.
You whack the hobgoblin!
You kill the hobgoblin!
The kobold hits you.
* * * LOW HITPOINT WARNING * * *
The kobold hits you but does no damage.
You closely miss the kobold. The kobold hits you.
* * * LOW HITPOINT WARNING * * *
The kobold barely misses you.
You barely miss the kobold. You barely miss the kobold.
The kobold barely misses you. The kobold closely misses you.
You barely miss the kobold. The kobold hits you but does no damage.
The kobold hits you with a +0 dagger.
You die...

........................###
.........##.##.#......###
......... #.#..#...#..(.#
......... ..#.##...##...#
.......###.#.. #.#......###
..####.....#.# #.#..#.....#
.## #..# #. #.#......#.....
.# #.#.KK...#####. .#
#@#.#....# ## #KK.#KK.## #
#.###....###..# # #.#
#.)>......# # #.#
#.........# # ..#
#.........# # .?#
#.s.......# # #. #.##
#.........# .... ..
..........#


You could see 2 kobolds.

Vanquished Creatures
  A leopard gecko (D:1)
  3 bats (D:1)
  2 hobgoblins (D:1)
  2 kobolds (D:1)
  2 frilled lizards (D:1)
  7 goblins (D:1)
  A rat (D:1)
18 creatures vanquished.

Notes
Turn   | Place    | Note
-------+----------+-------------------------------------------
     0 | D:1      | Revguard the Gargoyle Archaeologist began the quest for the
                  | Orb.
     0 | D:1      | Reached XP level 1. HP: 12/12 MP: 1/1
   322 | D:1      | Reached XP level 2. HP: 12/16 MP: 2/2
   350 | D:1      | Reached skill level 1 in Armour
   776 | D:1      | Slain by a kobold

Skill      XL: |  1  2 |
---------------+-------+-----
Armour         | 1 |  1.2
Fighting       | |  1.2
Maces & Flails | |  1.4
Dodging        | |  2.7
Stealth        | |  3.6
Evocations     | |  0.2

Action                   || total
-------------------------++-------
Melee: Whip              ||   112
 Abil: Evoke Berserk Rag ||     1
  Use: Potion            ||     1
       Scroll            ||     1
Armor: Robe              ||    58
       Skin              ||     5
Dodge: Dodged            ||   114
